AoeStats
← perromelocoton

Arena

508495059Analyzed
1v1 RM · 9d ago on Sep 22, 2026· 29m 26s· 2 players
Game mode
Random Map
Map size
Tiny (2 player)
Population
200
Speed
Normal
Resources
Standard
Victory
Conquest
Starting age
Dark Age
Ending age
Imperial Age
RankedLock teamsTeams togetherTeam positionsShared explorationLock speedFull tech treeHidden civsTurbo modeCheats
Victory
Defeat
🇧🇷 Turks · Brazil
863
+17
🇪🇸 Britons · Spain
879
-17
ycetra
12:44 Feudal Age
17:45 Castle Age
16:21 Double-Bit Axe
16:27 Gold Mining
22:12 Imperial Age
perromelocoton
7:08 Loom
9:26 Feudal Age
10:55 Wheelbarrow
10:47 Double-Bit Axe
16:21 Castle Age
14:07 Horse Collar
21:13 Heavy Plow
22:13 Fervor
22:14 Scale Barding Armor
23:44 Bow Saw
24:35 Stone Mining
25:45 Chain Barding Armor
26:21 Forging
27:05 Husbandry
29:31 Iron Casting
28:39 Light Cavalry
Connection lost

Rejoining the realm…

Still unreachable

The connection could not be restored.

Session expired

The server has moved on; the page needs a fresh start.